 Dungeon Crawl Stone Soup version 0.21.1-1-g345015f (webtiles) character file.

1882 RedG the Ducker (level 8, 0/78 HPs)
             Began as a Troll Fighter on May 15, 2018.
             Was an Initiate of Gozag.
             Slain by a two-headed ogre
             ... wielding a +0 giant club
              (8 damage)
             ... on level 7 of the Dungeon.
             The game lasted 01:59:51 (5639 turns).

RedG the Ducker (Troll Fighter)                     Turns: 5639, Time: 01:59:52

Health: 0/78       AC:  6    Str: 25    XL:     8   Next: 92%
Magic:  7/7        EV: 12    Int:  6    God:    Gozag
Gold:   253        SH:  0    Dex:  9    Spells: 7/7 levels left

rFire    . . .     SeeInvis .   y - +6 spear
rCold    . . .     Gourm    +   (no shield)
rNeg     . . .     Faith    .   b - +1 robe
rPois    .         Spirit   .   (helmet restricted)
rElec    .         Reflect  .   (no cloak)
rCorr    .         Harm     .   (gloves unavailable)
MR       .....                  (boots unavailable)
Stlth    +.........             B - amulet of inaccuracy
HPRegen  0.63/turn              w - -3 ring of strength
MPRegen  0.10/turn              l - +3 ring of strength

@: no status effects
A: large, unfitting armour, claws 3, fast metabolism 3, gourmand, regeneration
1, shaggy fur 1, tough skin 2
a: Potion Petition, Call Merchant, Bribe Branch, Renounce Religion


You were on level 7 of the Dungeon.
You worshipped Gozag.
Gozag was aware of your devotion.
You were hungry.

You visited 2 branches of the dungeon, and saw 8 of its levels.

You collected 967 gold pieces.
You spent 700 gold pieces at shops.
You paid 14 gold pieces to Gozag.

Inventory:

Hand Weapons
 a - a +0 flail
 f - a +0 halberd
 g - a +0 whip
 i - a +0 short sword
 k - a +1 mace
 q - a +0 whip
 s - a +0 trident
 v - a +0 mace of holy wrath
 y - a +6 spear (weapon)
 F - a +0 trident
 G - a +0 halberd
 H - a +0 flail
 I - a +0 flail
 K - a +0 giant club
 M - a +0 falchion
 P - a +0 hunting sling
 S - a +0 mace
 T - a +0 long sword
 V - a +0 trident
 W - a +0 shortbow
Missiles
 e - 71 stones (quivered)
 h - 18 poisoned needles
 j - 2 needles of frenzy
 p - 90 arrows
 t - 37 sling bullets
Armour
 b - a +1 robe (worn)
 c - a +1 shield
 m - a +0 plate armour
 n - a +0 scale mail
 r - a +0 ring mail
 z - a +0 robe
 E - a +0 robe
 N - a +0 centaur barding
 O - a +0 animal skin
 Q - a +0 animal skin
 R - a +0 animal skin
 U - a +0 robe
Jewellery
 l - a +3 ring of strength (right claw)
 w - a -3 ring of strength (left claw)
 B - an amulet of inaccuracy (around neck)
Wands
 o - a wand of paralysis (6)
Scrolls
 x - 3 scrolls of remove curse
 A - a scroll of immolation {unknown}
 C - a scroll of blinking
Potions
 d - a potion of might
 u - a potion of curing {unknown}
 J - a potion of lignification {unknown}
 L - a potion of haste {unknown}
Comestibles
 D - 5 rations


   Skills:
 + Level 4.2 Fighting
 + Level 3.9 Maces & Flails
 + Level 4.1 Polearms
 + Level 5.4 Dodging
 + Level 1.1 Stealth
 + Level 5.3 Shields


You had 7 spell levels left.
You didn't know any spells.

Dungeon Overview and Level Annotations

Branches:
Dungeon (7/15)             Temple (1/1) D:6

Altars:
Fedhas
Gozag
Vehumet

Shops:
D:4 %

Annotations:
D:4 Pikel
D:6 Edmund, Menkaure, Sigmund


Innate Abilities, Weirdness & Mutations

You are too large for most types of armour.
You have claws for hands.
Your metabolism is lightning-fast.
You like to eat raw meat.
Your natural rate of healing is unusually fast.
You are covered in fur. (AC +1)
You have very tough skin. (AC +2)


Message History

The two-headed ogre is lightly wounded.
The two-headed ogre completely misses you.
The two-headed ogre hits you with a giant club.
You closely miss the two-headed ogre.
The two-headed ogre is lightly wounded.
You hit the two-headed ogre.
The two-headed ogre is lightly wounded.
The two-headed ogre closely misses you.
The two-headed ogre hits you with a giant club!
The two-headed ogre hits you with a giant club!
Keep equipping yourself?
Uppercase [Y]es or [N]o only, please.
Keep equipping yourself?
The two-headed ogre hits you with a giant club!
You start putting on your armour.
You continue putting on your +1 shield.
The two-headed ogre hits you with a giant club!!
* * * LOW HITPOINT WARNING * * *
The two-headed ogre hits you with a giant club!
You die...
Your body crumbles into a pile of gold.

.# #.# .# #.# .# ##.###
#########.# +....#
..........# #...>#
..........# #....#
..........# #....#
..........####### ##'#.#
.......O@.#.....## #.#.#
..........#......# #.#.#
..........#....#.###.#.#
.........##....#..##.#.#
.........'.....'.....#.#
.........##....##.####.##
..###############.# #...
.. #.# #.## #.. #.#


You could see a two-headed ogre.

Vanquished Creatures
  A water moccasin (D:7)
  4 slaves (D:6)
  An orc warrior (D:6)
  An ice beast (D:6)
  3 phantoms
  An ogre (D:5)
  Blork the orc (D:4)
  4 bullfrogs
  A scorpion (D:4)
  A howler monkey (D:6)
  A crimson imp (D:7)
  A hound (D:4)
  2 jellies (D:6)
  3 orc priests
  A bullfrog skeleton (D:6)
  A centaur skeleton (D:4)
  An orc wizard (D:6)
  Jessica (D:3)
  3 iguanas
  6 worker ants
  A hound zombie (D:5)
  A worker ant zombie (D:5)
  4 gnolls (D:5)
  9 adders
  An ooze (D:3)
  3 adder skeletons
  2 adder zombies
  3 worms
  5 dart slugs
  3 leopard geckos
  22 orcs
  2 ball pythons
  8 bats
  2 giant cockroaches
  7 goblins
  7 hobgoblins
  6 jackals
  7 kobolds
  A quokka (D:5)
  4 frilled lizards
  A giant cockroach zombie (D:6)
  A jackal skeleton (D:5)
  A leopard gecko skeleton (D:5)
  7 rats
146 creatures vanquished.

Notes
Turn   | Place    | Note
-------+----------+-------------------------------------------
     0 | D:1      | RedG the Troll Fighter began the quest for the Orb.
     0 | D:1      | Reached XP level 1. HP: 22/22 MP: 0/0
   168 | D:1      | Reached XP level 2. HP: 29/29 MP: 1/1
   964 | D:2      | Reached XP level 3. HP: 36/36 MP: 2/2
  1052 | D:2      | Found a blossoming altar of Fedhas.
  1128 | D:2      | Found an opulent altar of Gozag.
  1145 | D:2      | Became a worshipper of Gozag Ym Sagoz the Greedy
  1597 | D:3      | Reached XP level 4. HP: 41/44 MP: 3/3
  1642 | D:3      | Noticed Jessica
  1646 | D:3      | Killed Jessica
  1873 | D:3      | Found a radiant altar of Vehumet.
  1901 | D:3      | Reached XP level 5. HP: 30/52 MP: 4/4
  2510 | D:4      | Noticed a phantom
  2593 | D:3      | Killed a phantom
  2593 | D:3      | Reached XP level 6. HP: 41/61 MP: 5/5
  2731 | D:4      | Reached skill level 1 in Polearms
  2731 | D:4      | Reached XP level 7. HP: 66/67 MP: 6/6
  2771 | D:4      | Noticed Blork the orc
  2798 | D:4      | Killed Blork the orc
  2916 | D:4      | Found Gaupomn's Food Shop.
  2928 | D:4      | Bought a ration for 70 gold pieces
  2928 | D:4      | Bought a ration for 70 gold pieces
  2928 | D:4      | Bought a ration for 70 gold pieces
  2928 | D:4      | Bought a ration for 70 gold pieces
  2928 | D:4      | Bought a ration for 70 gold pieces
  2928 | D:4      | Bought a ration for 70 gold pieces
  2928 | D:4      | Bought a ration for 70 gold pieces
  3194 | D:5      | Entered Level 5 of the Dungeon
  3667 | D:5      | Reached XP level 8. HP: 42/78 MP: 7/7
  3806 | D:4      | Bought a ration for 70 gold pieces
  3806 | D:4      | Bought a ration for 70 gold pieces
  3806 | D:4      | Bought a ration for 70 gold pieces
  4028 | D:6      | Noticed Pikel
  4474 | D:6      | Noticed Sigmund
  4675 | D:6      | Reached skill level 1 in Stealth
  4736 | D:6      | Found a staircase to the Ecumenical Temple.
  4743 | Temple   | Entered the Ecumenical Temple
  4942 | D:6      | Reached skill level 5 in Dodging
  5039 | D:6      | Reached skill level 5 in Shields
  5063 | D:6      | Noticed Menkaure
  5091 | D:6      | Noticed Edmund
  5626 | D:7      | Noticed a two-headed ogre
  5639 | D:7      | Slain by a two-headed ogre

Skill      XL: |  1  2  3  4  5  6  7  8 |
---------------+-------------------------+-----
Maces & Flails | 2 3 |  3.9
Dodging        | 3 4 5 |  5.4
Shields        | 3 4 5 |  5.3
Fighting       | 3 4 |  4.2
Polearms       | 1 3 4 |  4.1
Stealth        | 1 |  1.1

Action                   |  1- 3 |  4- 6 |  7- 9 || total
-------------------------+-------+-------+-------++-------
Melee: Flail             |   110 |       |       ||   110
       Mace              |    64 |   122 |       ||   186
       Spear             |       |    85 |   563 ||   648
       Hunting sling     |       |       |    10 ||    10
       Falchion          |       |       |     6 ||     6
  Use: Scroll            |     5 |     1 |     6 ||    12
       Potion            |       |       |     1 ||     1
 Stab: Sleeping          |     1 |       |     1 ||     2
       Distracted        |       |     1 |       ||     1
  Eat: Chunk             |     7 |       |       ||     7
       Ration            |     2 |     3 |     8 ||    13
Armor: Robe              |    60 |    38 |    89 ||   187
Dodge: Dodged            |    52 |    64 |   178 ||   294
Block: Shield            |    98 |    89 |   275 ||   462
